 Dungeon Sprint DCSS version 0.28-a0-1033-g1a2f33fa85 (webtiles) character file.

Game seed: 12825156229606707441

3000000 ytrimaz the Intangible (level 18, -1/182 HPs)
             Began as a Demonspawn Gladiator on Dec 7, 2021.
             Was the Champion of Makhleb.
             Slain by a bag of meat (20 damage)
             ... in the Dungeon (Sprint VIII: "Arena of Blood").
             The game lasted 00:00:57 (30 turns).

ytrimaz the Intangible (Demonspawn Gladiator)         Turns: 30, Time: 00:00:58

Health: -1/182     AC:  7    Str: 22    XL:     18   Next: 74%
Magic:  0/18       EV: 28    Int:  9    God:    Makhleb [******]
Gold:   0          SH:  0    Dex: 16    Spells: 17/17 levels left

rFire   . . .      SeeInvis .   j - +∞ Axe of Woe
rCold   . . .      Faith    .   (shield currently unavailable)
rNeg    . . .      Spirit   +   a - +0 leather armour
rPois   .          Reflect  .   b - +0 helmet
rElec   .          Harm     .   (no cloak)
rCorr   .          Rampage  .   (no gloves)
Will    +....      NoTele   +   (boots unavailable)
Stlth   +++++++++.              (no amulet)
HPRegen 6.40/turn               (no ring)
MPRegen 0.32/turn               (no ring)

@: no status effects
A: hooves 3, powered by death 2, magic shield, magic regeneration, sharp scales
3
a: Renounce Religion, Minor Destruction, Lesser Servant of Makhleb, Major
Destruction, Greater Servant of Makhleb


You were in the Dungeon.
You worshipped Makhleb.
Makhleb was exalted by your worship.
You visited 1 branch

Inventory:

Hand Weapons
 j - the +∞ Axe of Woe (weapon)
   (You found it in the Dungeon)
Missiles
 c - 3 throwing nets (quivered)
Armour
 a - a +0 leather armour (worn)
 b - a +0 helmet (worn)
Scrolls
 i - a scroll of blinking
Potions
 d - a potion of curing
 e - a potion of heal wounds
 f - a potion of haste
 g - 2 potions of magic
 h - a potion of berserk rage


   Skills:
 O Level 27 Fighting
 + Level 7.7(9.2) Short Blades
 + Level 7.7(9.2) Long Blades
 O Level 27 Axes
 + Level 7.7(19.8) Maces & Flails
 + Level 7.7(19.8) Polearms
 + Level 7.7(10.4) Staves
 + Level 7.7 Bows
 + Level 7.7 Crossbows
 - Level 1.7 Throwing
 O Level 27 Dodging
 O Level 27 Stealth
 + Level 7.7 Shields
 - Level 2.6 Unarmed Combat
 + Level 8.4 Conjurations
 + Level 8.4 Hexes
 + Level 8.4 Summonings
 + Level 9.2 Necromancy
 + Level 7.7 Translocations
 + Level 7.7 Transmutations
 + Level 7.7 Fire Magic
 + Level 7.7 Ice Magic
 + Level 7.7 Air Magic
 + Level 7.7 Earth Magic
 + Level 8.4 Poison Magic
 + Level 8.4 Evocations


You had 17 spell levels left.
You didn't know any spells.
Your spell library was empty.

Dungeon Overview and Level Annotations

Branches:
Dungeon (1/1)

Altars:
Makhleb

Annotations:
D The Servant


Innate Abilities, Weirdness & Mutations

You have hooves in place of feet.
You regenerate health from kills.
When hurt, damage is shared between your health and your magic reserves.
You regenerate magic rapidly.
You are completely covered in razor-sharp scales. (AC +3, Slay +3)


Message History

Your Conjurations skill increases to level 8!
Your Hexes skill increases to level 8!
Your Summonings skill increases to level 8!
Your Necromancy skill increases to level 9!
Your Poison Magic skill increases to level 8!
Your Evocations skill increases to level 8!
Unknown command.
A large bag of meat comes into view. It is wielding a +9 giant spiked club.
You are engulfed in blazing flames.
You hear a shout! x3
The large bag of meat is engulfed in blazing flames.
You hear a shout! x2
The large bag of meat is engulfed in blazing flames.
A bag of meat comes into view. It is wielding a +9 war axe.
The destroyer casts a spell at you.
The destroyer blinks!
You hear a shout!
A bag of meat comes into view. It is wielding a +9 war axe.
The bag of meat is engulfed in blazing flames.
The bag of meat misses you.
The eight-headed meat hydra is engulfed in blazing flames.
The eight-headed meat hydra calls on the powers of darkness!
The eight-headed meat hydra convulses!
The bag of meat convulses! x4
Your body is wracked with pain!
* * * LOW HITPOINT WARNING * * *
The bag of meat convulses! x6; The large bag of meat convulses!
Flame seeps out of the large bag of meat.
The bag of meat convulses! x2; The large bag of meat convulses!
Flame seeps out of the large bag of meat.
The large bag of meat convulses!
The large bag of meat shouts in stereo!
Flame seeps out of the large bag of meat.
The bag of meat convulses! x2
The large bag of meat is engulfed in blazing flames.
The bag of meat is engulfed in blazing flames.
The bag of meat hits you with a +9 war axe!!
* * * LOW HITPOINT WARNING * * *
The bag of meat is engulfed in blazing flames.
The bag of meat hits you with a +9 war axe!!
You die...

........○oo...
#.......O.○#.#.
#........O.....
#.......o......
..#...oo........
....Vooo........
.....ooDoo......
#@oV.§..# .
#O§..§..#
...###○)..V..###.
......o○.###......
.#........_.......
.......#..@..#....
.o.....#_.<._# .
.......#.....#
.#........_.....


You could see The Servant (wandering), an eight-headed meat hydra, 3 destroyers,
3 large bags of meat and 14 bags of meat.

Vanquished Creatures
  A vampire knight (D)
  7 ogres (D)
  A two-headed ogre (D)
  18 orcs (D)
27 creatures vanquished.

Notes
Turn   | Place    | Note
-------+----------+-------------------------------------------
     0 | D        | Found the +∞ Axe of Woe
     0 | D        | ytrimaz the Demonspawn Gladiator began the quest for the
                  | Orb.
     0 | D        | Reached XP level 1. HP: 16/16 MP: 1/1
     3 | D        | Became a worshipper of Makhleb the Destroyer
     6 | D        | Noticed a bag of meat
     6 | D        | Noticed a bag of meat
     6 | D        | Noticed a bag of meat
     6 | D        | Noticed a bag of meat
     7 | D        | Noticed a meat berserker
     8 | D        | Noticed a bag of meat
     9 | D        | Killed a meat berserker
     9 | D        | Noticed a bag of meat
     9 | D        | Noticed a meat berserker
    10 | D        | Gained mutation: You have large cloven feet. [demonic
                  | ancestry]
    10 | D        | Reached XP level 2. HP: 38/38 MP: 2/2
    10 | D        | Reached XP level 3. HP: 44/44 MP: 3/3
    10 | D        | Gained mutation: You regenerate a little health from kills.
                  | [demonic ancestry]
    10 | D        | Reached XP level 4. HP: 51/51 MP: 4/4
    10 | D        | Gained mutation: You regenerate health from kills. [demonic
                  | ancestry]
    10 | D        | Reached XP level 5. HP: 57/57 MP: 5/5
    10 | D        | Reached XP level 6. HP: 63/63 MP: 6/6
    10 | D        | Gained mutation: You are partially covered in razor-sharp
                  | scales. (AC +1, Slay +1) [demonic ancestry]
    10 | D        | Reached XP level 7. HP: 69/69 MP: 7/7
    10 | D        | Reached XP level 8. HP: 76/76 MP: 8/8
    10 | D        | Reached XP level 9. HP: 82/82 MP: 9/9
    10 | D        | Reached XP level 10. HP: 89/89 MP: 10/10
    10 | D        | Gained mutation: You regenerate magic rapidly. [demonic
                  | ancestry]
    10 | D        | Reached XP level 11. HP: 95/95 MP: 11/11
    10 | D        | Noticed a meat berserker
    10 | D        | Noticed a meat berserker
    10 | D        | Noticed a bag of meat
    11 | D        | Killed a bag of meat
    11 | D        | Reached * piety under Makhleb
    11 | D        | Killed a bag of meat
    11 | D        | Noticed a meat berserker
    12 | D        | Reached XP level 12. HP: 67/107 MP: 12/12
    12 | D        | Gained mutation: When hurt, damage is shared between your
                  | health and your magic reserves. [demonic ancestry]
    12 | D        | Reached XP level 13. HP: 70/113 MP: 13/13
    12 | D        | Noticed a bag of meat
    12 | D        | Killed a bag of meat
    12 | D        | Killed a bag of meat
    12 | D        | Reached ** piety under Makhleb
    12 | D        | Noticed a bag of meat
    12 | D        | Noticed a bag of meat
    13 | D        | Reached skill level 15 in Fighting
    13 | D        | Reached skill level 15 in Stealth
    13 | D        | Killed a meat berserker
    13 | D        | Noticed a bag of meat
    13 | D        | Noticed a bag of meat
    14 | D        | Reached skill level 15 in Axes
    14 | D        | Gained mutation: You are mostly covered in razor-sharp
                  | scales. (AC +2, Slay +2) [demonic ancestry]
    14 | D        | Reached XP level 14. HP: 30/128 MP: 5/14
    14 | D        | Killed a bag of meat
    14 | D        | Killed a meat berserker
    14 | D        | Reached *** piety under Makhleb
    14 | D        | Killed a meat berserker
    14 | D        | Noticed a bag of meat
    14 | D        | Noticed a bag of meat
    15 | D        | Reached skill level 27 in Dodging
    15 | D        | Gained mutation: You have hoof-like feet. [demonic
                  | ancestry]
    15 | D        | Reached XP level 15. HP: 135/143 MP: 5/15
    17 | D        | Noticed a meat berserker
    18 | D        | Killed a meat berserker
    18 | D        | Reached **** piety under Makhleb
    19 | D        | Gained mutation: You are completely covered in razor-sharp
                  | scales. (AC +3, Slay +3) [demonic ancestry]
    19 | D        | Reached XP level 16. HP: 157/157 MP: 6/16
    20 | D        | Reached ***** piety under Makhleb
    20 | D        | Noticed a large bag of meat
    20 | D        | Noticed a meat berserker
    22 | D        | Noticed a destroyer
    23 | D        | Killed a meat berserker
    23 | D        | Noticed a large bag of meat
    24 | D        | Reached skill level 27 in Fighting
    24 | D        | Reached skill level 27 in Axes
    24 | D        | Reached skill level 27 in Stealth
    24 | D        | Reached XP level 17. HP: 174/174 MP: 7/17
    25 | D        | Noticed a destroyer
    25 | D        | Killed a destroyer
    26 | D        | Reached skill level 5 in Necromancy
    26 | D        | Noticed a destroyer
    26 | D        | Reached ****** piety under Makhleb
    27 | D        | Reached skill level 5 in Short Blades
    27 | D        | Reached skill level 5 in Long Blades
    27 | D        | Reached skill level 5 in Maces & Flails
    27 | D        | Reached skill level 5 in Polearms
    27 | D        | Reached skill level 5 in Staves
    27 | D        | Reached skill level 5 in Bows
    27 | D        | Reached skill level 5 in Crossbows
    27 | D        | Reached skill level 5 in Shields
    27 | D        | Reached skill level 5 in Conjurations
    27 | D        | Reached skill level 5 in Hexes
    27 | D        | Reached skill level 5 in Summonings
    27 | D        | Reached skill level 5 in Translocations
    27 | D        | Reached skill level 5 in Transmutations
    27 | D        | Reached skill level 5 in Fire Magic
    27 | D        | Reached skill level 5 in Ice Magic
    27 | D        | Reached skill level 5 in Air Magic
    27 | D        | Reached skill level 5 in Earth Magic
    27 | D        | Reached skill level 5 in Poison Magic
    27 | D        | Reached skill level 5 in Evocations
    27 | D        | Noticed an eight-headed meat hydra
    28 | D        | Gained mutation: You have hooves in place of feet. [demonic
                  | ancestry]
    28 | D        | Reached XP level 18. HP: 182/182 MP: 8/18
    28 | D        | Killed a large bag of meat
    28 | D        | Killed a meat berserker
    28 | D        | Noticed a large bag of meat
    29 | D        | Noticed The Servant
    30 | D        | Noticed a destroyer
    30 | D        | Noticed a large bag of meat
    30 | D        | Slain by a bag of meat

Illustrated notes

Levels and vault maps discovered:
D:        meatsprint

Skill      XL: |  1  2  3  4  5  6  7  8  9 10 11 12 13 14 15 16 17 18 |
---------------+-------------------------------------------------------+-----
Fighting       | 11 14 17 20 23 27 | 27.0
Axes           | 11 13 15 19 22 27 | 27.0
Dodging        | 19 22 25 27 | 27.0
Stealth        | 12 14 16 20 22 27 | 27.0
Short Blades   | 5 7 |  7.7
Long Blades    | 5 7 |  7.7
Maces & Flails | 5 7 |  7.7
Polearms       | 5 7 |  7.7
Staves         | 5 7 |  7.7
Bows           | 5 7 |  7.7
Crossbows      | 5 7 |  7.7
Shields        | 5 7 |  7.7
Conjurations   | 6 8 |  8.4
Hexes          | 6 8 |  8.4
Summonings     | 6 8 |  8.4
Necromancy     | 6 9 |  9.2
Translocations | 5 7 |  7.7
Transmutations | 5 7 |  7.7
Fire Magic     | 5 7 |  7.7
Ice Magic      | 5 7 |  7.7
Air Magic      | 5 7 |  7.7
Earth Magic    | 5 7 |  7.7
Poison Magic   | 6 8 |  8.4
Evocations     | 6 8 |  8.4
Throwing       | |  1.7
Unarmed Combat | |  2.6

Action                   |  1- 3 |  4- 6 |  7- 9 | 10-12 | 13-15 | 16-18 || total
-------------------------+-------+-------+-------+-------+-------+-------++-------
Melee: Executioner's axe |     1 |       |       |     1 |     5 |    10 ||    17
Armor: Leather armour    |       |       |       |       |       |     1 ||     1
Dodge: Dodged            |       |       |       |       |       |     1 ||     1

Table legend: (Time is in decaauts)
 A = Elapsed time spent in this place.
 B = Non-inter-level travel time spent in this place.
 C = Inter-level travel time spent in this place.
 D = Time resting spent in this place.
 E = Time spent auto-exploring this place.
 F = Levels seen in this place.
 G = Mean time per level.
                   A        B        C        D        E       F      G
               +--------+--------+--------+--------+--------+-----+--------+
         Total |     28 |     28 |      0 |      0 |      0 |   1 |   28.0 |
       Dungeon |     28 |     28 |      0 |      0 |      0 |   1 |   28.0 |
               +--------+--------+--------+--------+--------+-----+--------+

Top non-repeatable levels by time:
       D: 28 daAuts
